[Event "ICCopen2017"]
[Site "Internet Chess Club"]
[Date "2017.04.02"]
[Round "11"]
[White "Cramagica"]
[Black "fisherino"]
[Result "0-1"]
[ICCResult "White forfeits on time"]
[WhiteElo "1157"]
[BlackElo "1556"]
[Opening "Sicilian: Najdorf, Lipnitzky attack"]
[ECO "B86"]
[NIC "SI.13"]
[Time "21:10:04"]
[TimeControl "180+0"]

1. e4 c5 2. Nc3 d6 3. Nf3 Nf6 4. d4 cxd4 5. Nxd4 a6 6. Bc4 e6 7. Bg5 Be7 8.
Qd2 b5 9. Bb3 Bb7 10. f3 Nbd7 11. O-O-O Nc5 12. h4 Nxb3+ 13. axb3 Qa5 14.
Kb1 Rc8 15. g4 b4 16. Na4 Bxe4 17. fxe4 Nxe4 18. Qd3 Nf2 19. Qe3 Nxd1 20.
Rxd1 Bxg5 21. hxg5 Qe5 22. Qxe5 dxe5 23. Nf3 f6 24. gxf6 gxf6 25. Rd6 Ke7
26. Rxa6 Rhd8 27. Ra7+ Rd7 28. Rxd7+ Kxd7 29. Nd2 Rg8 30. Nc4 Rxg4 31. c3 h5
32. cxb4 h4 33. b5 h3 34. b6 h2 35. b7 h1=Q+ 36. Ka2 Qxb7 37. Nc5+ Kc6 38.
Nxb7 Kxb7 39. Nd6+ Kc6 {White forfeits on time} 0-1

[Event "ICCopen2017"]
[Site "Internet Chess Club"]
[Date "2017.04.02"]
[Round "11"]
[White "Quinten1994"]
[Black "Darnoc"]
[Result "1-0"]
[ICCResult "Black checkmated"]
[WhiteElo "2420"]
[BlackElo "2853"]
[Opening "French: Steinitz, Boleslavsky variation"]
[ECO "C11"]
[NIC "FR.04"]
[Time "21:10:07"]
[TimeControl "180+0"]

1. e4 e6 2. d4 d5 3. Nc3 Nf6 4. e5 Nfd7 5. f4 c5 6. Nf3 Nc6 7. Be3 cxd4 8.
Nxd4 Bc5 9. Qd2 O-O 10. O-O-O a6 11. Qf2 Bxd4 12. Bxd4 b5 13. Be3 Qa5 14.
Kb1 b4 15. Ne2 Qc7 16. Nd4 Nxd4 17. Bxd4 a5 18. h4 Ba6 19. h5 Rfc8 20. g4 a4
21. h6 b3 22. Rc1 bxa2+ 23. Ka1 g6 24. f5 Bc4 25. fxg6 fxg6 26. Bh3 Rf8 27.
Qe3 Ra6 28. g5 Rc6 29. Rcd1 Nb8 30. Rh2 Na6 31. Rf2 Rxf2 32. Qxf2 Nb4 33.
Bc5 Nxc2+ 34. Qxc2 Bb3 35. Qf2 Qf7 36. Rf1 Qxf2 37. Rxf2 d4 38. Rf8#
{Black checkmated}
1-0

[Event "ICCopen2017"]
[Site "Internet Chess Club"]
[Date "2017.04.02"]
[Round "11"]
[White "devotional"]
[Black "Baltimora"]
[Result "1-0"]
[ICCResult "Black checkmated"]
[WhiteElo "2218"]
[BlackElo "2193"]
[Opening "French: Chigorin variation"]
[ECO "C00"]
[NIC "FR.01"]
[Time "21:10:19"]
[TimeControl "180+0"]

1. e4 e6 2. Qe2 c5 3. d3 Nc6 4. Nc3 g6 5. g3 Bg7 6. h4 h5 7. Bg2 Nge7 8. Bd2
d5 9. f4 O-O 10. Nf3 b5 11. O-O b4 12. Nd1 Ba6 13. Ng5 Nd4 14. Qf2 f6 15. c3
fxg5 16. cxd4 Bxd4 17. Be3 dxe4 18. Bxe4 Nf5 19. Bxd4 cxd4 20. fxg5 Rc8 21.
b3 Qd6 22. Qf4 e5 23. Qd2 Nxg3 24. Rxf8+ Rxf8 25. Bg2 Nf5 26. Rc1 Bb5 27.
Nf2 Nxh4 28. Ne4 Qe7 29. Nf6+ Rxf6 30. gxf6 Qxf6 31. Rc8+ Kf7 32. Bd5+ Ke7
33. Qxb4+ Kd7 34. Qc5 Qg5+ 35. Kh1 Nf3 36. Qc7# {Black checkmated} 1-0

[Event "ICCopen2017"]
[Site "Internet Chess Club"]
[Date "2017.04.02"]
[Round "11"]
[White "StaggerLee"]
[Black "PITCHUS"]
[Result "0-1"]
[ICCResult "White forfeits on time"]
[WhiteElo "1441"]
[BlackElo "1707"]
[Opening "Caro-Kann: Tartakower (fantasy) variation"]
[ECO "B12"]
[NIC "CK.02"]
[Time "21:10:23"]
[TimeControl "180+0"]

1. e4 c6 2. d4 d5 3. f3 dxe4 4. fxe4 e5 5. Nf3 exd4 6. Bc4 Be6 7. Bxe6 fxe6
8. O-O Bc5 9. Kh1 Nf6 10. e5 Ne4 11. Qd3 Qd5 12. Ng5 Nxg5 13. Bxg5 Nd7 14.
Nd2 Nxe5 15. Qh3 Nf7 16. Bf4 O-O 17. Rae1 e5 18. Bg3 Rae8 19. Ne4 Be7 20. b3
c5 21. c4 dxc3 22. Nxc3 Qd2 23. Ne4 Qxa2 24. Rf2 Qxb3 25. Bxe5 Qxh3 26. gxh3
Nxe5 27. Rfe2 Nd3 28. Rd1 c4 29. Ng3 Nf2+ 30. Rxf2 Rxf2 31. Kg1 Bc5 32. Rd7
Rd2+ {White forfeits on time} 0-1

[Event "ICCopen2017"]
[Site "Internet Chess Club"]
[Date "2017.04.02"]
[Round "11"]
[White "chess-caleb"]
[Black "Peaceful-Death"]
[Result "1-0"]
[ICCResult "Black checkmated"]
[WhiteElo "1800"]
[BlackElo "1902"]
[Opening "Alekhine's defense"]
[ECO "B03"]
[NIC "AL.09"]
[Time "21:10:17"]
[TimeControl "180+0"]

1. e4 Nf6 2. e5 Nd5 3. d4 e6 4. Nf3 d6 5. exd6 cxd6 6. Bd3 Be7 7. O-O Nc6 8.
c3 O-O 9. a3 a6 10. Qc2 Re8 11. Bxh7+ Kh8 12. Bd3 f5 13. Re1 Bf6 14. Nbd2
Bd7 15. Nf1 g5 16. Ng3 g4 17. Nd2 Rg8 18. Nc4 Qc7 19. Ne3 Nf4 20. Bf1 Ng6
21. Ne2 Bh4 22. Nc4 Nce7 23. b3 Nd5 24. Ne3 Nf6 25. Nc4 f4 26. Nxf4 Nxf4 27.
Bxf4 Ne8 28. Qd2 b5 29. Bxd6 Bg5 30. Bxc7 Bxd2 31. Nxd2 Nxc7 32. Ne4 Nd5 33.
c4 bxc4 34. bxc4 Nf4 35. Nf6 Rg7 36. g3 Ng6 37. Bg2 Rc8 38. c5 e5 39. Nxd7
Rxd7 40. c6 Rxd4 41. Red1 Kg7 42. Rxd4 exd4 43. Rd1 Ne7 44. Rxd4 Nxc6 45.
Rxg4+ Kf6 46. Rc4 Ne7 47. Rxc8 Nxc8 48. Bb7 Nd6 49. Bxa6 Ke5 50. Be2 Kd4 51.
h4 Kc3 52. h5 Nf7 53. g4 Kd2 54. Bf1 Kc3 55. Kg2 Kd4 56. Kg3 Ke4 57. f4 Ke3
58. Bc4 Nh6 59. Be6 Ke4 60. g5 Nf5+ 61. Bxf5+ Kxf5 62. a4 Ke6 63. a5 Kf5 64.
h6 Ke6 65. a6 Kf7 66. a7 Kg6 67. a8=Q Kh5 68. Qe8# {Black checkmated} 1-0

[Event "ICCopen2017"]
[Site "Internet Chess Club"]
[Date "2017.04.02"]
[Round "11"]
[White "Mandragora"]
[Black "DGint"]
[Result "1-0"]
[ICCResult "Black forfeits on time"]
[WhiteElo "1576"]
[BlackElo "1683"]
[Opening "Scandinavian defense"]
[ECO "B01"]
[NIC "SD.03"]
[Time "21:09:37"]
[TimeControl "180+0"]

1. e4 d5 2. exd5 Nf6 3. Nf3 Bg4 4. Be2 Qxd5 5. O-O e6 6. c4 Qh5 7. h3 Bxh3
8. gxh3 Qxh3 9. Ng5 Qh4 10. d4 Bd6 11. f4 Qg3+ 12. Kh1 h6 13. Nxf7 Kxf7 14.
Rf3 Qh4+ 15. Kg2 Ng4 16. Rh3 Qf2+ 17. Kh1 h5 18. Bxg4 hxg4 19. Rxh8 Nd7 20.
Rh2 Qg3 21. Rg2 Qh3+ 22. Kg1 Rh8 23. Kf2 g3+ 24. Kf3 Qh5+ 25. Ke3 Qxd1 26.
Bd2 Qf1 27. Nc3 {Black forfeits on time} 1-0

[Event "ICCopen2017"]
[Site "Internet Chess Club"]
[Date "2017.04.02"]
[Round "11"]
[White "tigerr"]
[Black "Kheshig"]
[Result "1-0"]
[ICCResult "Black resigns"]
[WhiteElo "2347"]
[BlackElo "2646"]
[Opening "Caro-Kann: classical, 6.h4"]
[ECO "B19"]
[NIC "CK.11"]
[Time "21:10:09"]
[TimeControl "180+0"]

1. e4 c6 2. d4 d5 3. Nc3 dxe4 4. Nxe4 Bf5 5. Ng3 Bg6 6. h4 h6 7. Nf3 e6 8.
Ne5 Bh7 9. Bd3 Bxd3 10. Qxd3 Nd7 11. f4 Be7 12. Be3 Bxh4 13. Bf2 Qa5+ 14. c3
Be7 15. Nh5 Bf6 16. Nxd7 Kxd7 17. Qe2 Ne7 18. O-O Rhd8 19. Rae1 Ke8 20.
Nxf6+ gxf6 21. Bh4 Qf5 22. g4 Qg6 23. f5 Qg8 24. fxe6 fxe6 25. Rxf6 Kd7 26.
Rxe6 Nd5 27. Bxd8 Rxd8 28. Rxh6 Kc7 29. Qe6 Qf8 30. c4 Nf4 31. Qe7+ Kb6 32.
Rh7 Qxe7 33. Rhxe7 Rxd4 34. R7e4 Nh3+ 35. Kg2 Rd3 36. R1e3 {Black resigns}
1-0

[Event "ICCopen2017"]
[Site "Internet Chess Club"]
[Date "2017.04.02"]
[Round "11"]
[White "Mmario"]
[Black "Federicov"]
[Result "0-1"]
[ICCResult "White resigns"]
[WhiteElo "2719"]
[BlackElo "3068"]
[Opening "Réti: King's Indian attack"]
[ECO "E62"]
[NIC "KI.72"]
[Time "21:10:16"]
[TimeControl "180+0"]

1. Nf3 Nf6 2. g3 g6 3. Bg2 Bg7 4. O-O O-O 5. c4 d6 6. Nc3 Nc6 7. d4 Rb8 8.
Bf4 Ng4 9. h3 e5 10. Bg5 f6 11. Bc1 Nh6 12. e4 f5 13. Bg5 Qe8 14. dxe5 fxe4
15. Qd5+ Nf7 16. Nxe4 Be6 17. Qd3 Ncxe5 18. Nxe5 Nxe5 19. Qa3 Bxh3 20. Rfe1
Bxg2 21. Kxg2 Qc6 22. Bf4 Rbe8 23. Rac1 a6 24. Qb3 Kh8 25. f3 Nd7 26. Ng5 h6
27. Ne6 Rxe6 28. Rxe6 Nc5 29. Qe3 Nxe6 30. Qxe6 g5 31. Rh1 Kh7 32. Qe7 gxf4
33. g4 Qe8 34. Rxh6+ Kg8 35. Re6 Qxe7 36. Rxe7 Rf7 37. Re8+ Kh7 38. Re4 Bxb2
39. Kh3 Kg6 40. g5 Kxg5 41. Re6 Kf5 42. Re7 Rxe7 {White resigns} 0-1

[Event "ICCopen2017"]
[Site "Internet Chess Club"]
[Date "2017.04.02"]
[Round "11"]
[White "ShadowStorm"]
[Black "Bojongrenged"]
[Result "0-1"]
[ICCResult "White resigns"]
[WhiteElo "1422"]
[BlackElo "1674"]
[Opening "Queen's pawn game"]
[ECO "A45"]
[NIC "QP.07"]
[Time "21:10:07"]
[TimeControl "180+0"]

1. d4 Nf6 2. e3 d5 3. f4 c6 4. Nf3 Ne4 5. Bd3 f5 6. O-O e6 7. Nbd2 Nd7 8.
Qe2 Ndf6 9. c4 Bd6 10. c5 Bc7 11. b4 O-O 12. a4 a6 13. Bb2 Bd7 14. Nb3 h6
15. Ne5 Be8 16. Rf3 Bh5 17. Qf1 Bxf3 18. Qxf3 Bxe5 19. fxe5 Ng4 20. Rf1 Qh4
21. h3 Ngf2 22. Bxe4 Nxe4 23. Bc1 Rad8 24. Na5 Rd7 25. Kh2 Rdf7 26. g3 Qd8
27. Rg1 Nc3 28. Nxb7 Rxb7 29. Bd2 Nxa4 30. Qh5 Qe8 31. Qf3 Nb2 32. Be1 Nc4
33. Bf2 Rxb4 34. Qg2 Rb2 35. g4 Nxe3 36. Bxe3 Rxg2+ 37. Rxg2 f4 38. Bf2 Qg6
39. h4 Qe4 40. g5 h5 41. Rg1 f3 42. Bg3 Qxd4 43. Rf1 Qxc5 44. Rf2 Qxf2+ 45.
Bxf2 a5 46. Kg3 a4 47. Bd4 a3 48. Kf2 a2 49. Bc3 c5 50. Ba1 d4 51. Bb2 Rf4
{White resigns}
0-1

[Event "ICCopen2017"]
[Site "Internet Chess Club"]
[Date "2017.04.02"]
[Round "11"]
[White "JimboPi"]
[Black "WAHEHE"]
[Result "1-0"]
[ICCResult "Black forfeits on time"]
[WhiteElo "1591"]
[BlackElo "1811"]
[Opening "Queen's pawn game"]
[ECO "A45"]
[NIC "QP.07"]
[Time "21:09:53"]
[TimeControl "180+0"]

1. d4 Nf6 2. Nc3 e6 3. e4 Bb4 4. e5 Nd5 5. Qg4 Kf8 6. Bd2 d6 7. f4 Nc6 8.
Nf3 h5 9. Qg5 Qxg5 10. fxg5 Bxc3 11. bxc3 dxe5 12. Nxe5 Nxe5 13. dxe5 c5 14.
c4 Ne7 15. Be2 Bd7 16. h4 Bc6 17. O-O Rd8 18. Bd3 b6 19. Be3 g6 20. a4 Kg7
21. a5 Ra8 22. Kh2 Nf5 23. Bf2 Rhd8 24. Rfb1 Rab8 25. axb6 axb6 26. Ra6 Nd4
27. Raxb6 Rxb6 28. Rxb6 Rc8 29. g3 Nf3+ 30. Kh3 Nxe5 31. Bxc5 Nxd3 32. Bd4+
e5 33. cxd3 exd4 34. g4 Bd7 35. Kg3 Bxg4 36. Rd6 Re8 37. Rxd4 Re3+ 38. Kf2
Rf3+ 39. Kg2 Rh3 40. c5 Rxh4 41. c6 Bf3+ 42. Kxf3 Rxd4 43. Ke3
{Black forfeits on time}
1-0

[Event "ICCopen2017"]
[Site "Internet Chess Club"]
[Date "2017.04.02"]
[Round "11"]
[White "thxgg"]
[Black "Mysterious17"]
[Result "0-1"]
[ICCResult "White forfeits on time"]
[WhiteElo "1797"]
[BlackElo "1686"]
[Opening "Polish defense"]
[ECO "A40"]
[NIC "QO.17"]
[Time "21:09:57"]
[TimeControl "180+0"]

1. d4 b5 2. e4 a6 3. g3 Bb7 4. Bg2 Nf6 5. Nd2 e6 6. Ne2 d6 7. O-O Nbd7 8. c3
c5 9. f4 Ng4 10. Rf3 f5 11. d5 exd5 12. exf5 d4 13. cxd4 g6 14. h3 Bxf3 15.
Bxf3 Ne3 16. Qb3 Nxf5 17. Qe6+ Be7 18. Bxa8 Qxa8 19. Kf2 Qh1 20. Nf3 Qxh3
21. b3 Rf8 22. Bb2 Kd8 23. Re1 Nf6 24. dxc5 Ng4+ 25. Kg1 Nxg3 26. Qxg4 Nxe2+
27. Kf2 Qxg4 28. Rxe2 Rxf4 29. Re3 Bh4+ {White forfeits on time} 0-1

[Event "ICCopen2017"]
[Site "Internet Chess Club"]
[Date "2017.04.02"]
[Round "11"]
[White "cheslikeyomama"]
[Black "Kjaan1974"]
[Result "0-1"]
[ICCResult "White forfeits on time"]
[WhiteElo "1433"]
[BlackElo "1514"]
[Opening "Modern defense"]
[ECO "A40"]
[NIC "QO.17"]
[Time "21:10:16"]
[TimeControl "180+0"]

1. d4 g6 2. e3 Bg7 3. f4 Nf6 4. Nf3 d6 5. Bd3 O-O 6. Nbd2 e6 7. O-O c6 8. c3
b5 9. Ng5 Ne8 10. e4 f6 11. Ngf3 Bb7 12. f5 exf5 13. exf5 g5 14. h4 g4 15.
Ne1 h5 16. Nb3 Nc7 17. Bf4 Nd5 18. Bd2 a5 19. Rb1 a4 20. Na1 Qc7 21. Qc1 c5
22. Bh6 Rf7 23. Bxg7 Rxg7 24. Be4 Nd7 25. Nd3 Re8 26. Bxd5+ Bxd5 27. Nf4 Bf7
28. Nc2 Re4 29. Ne3 cxd4 30. cxd4 Qxc1 31. Rbxc1 Rxe3 32. Rc8+ Kh7 33. Ne6
Bxe6 34. fxe6 Rxe6 35. d5 Re5 36. Rd1 Nc5 37. Rd8 Rd7 38. Rf8 f5 39. Rf6 Kg7
40. Re6 Nxe6 41. dxe6 Rxe6 42. g3 Re3 43. Rd5 Rxg3+ 44. Kh2 Rf3
{White forfeits on time}
0-1

[Event "ICCopen2017"]
[Site "Internet Chess Club"]
[Date "2017.04.02"]
[Round "11"]
[White "xvs"]
[Black "rovov"]
[Result "1-0"]
[ICCResult "Black forfeits on time"]
[WhiteElo "1853"]
[BlackElo "1753"]
[Opening "French: Winawer (Nimzovich) variation"]
[ECO "C15"]
[NIC "FR.08"]
[Time "21:09:48"]
[TimeControl "180+0"]

1. e4 e6 2. d4 d5 3. Nc3 Bb4 4. a3 Bxc3+ 5. bxc3 dxe4 6. Qg4 Qf6 7. Qxe4 Ne7
8. Nf3 O-O 9. Bd3 Qg6 10. Qe5 Qf6 11. Qg3 h6 12. Qxc7 Nbc6 13. O-O Nd5 14.
Qg3 Nxc3 15. Bd2 Nd5 16. c3 Bd7 17. Rfb1 b6 18. Ba6 Bc8 19. Bb5 Bb7 20. c4
Nde7 21. Bc3 Nf5 22. Qf4 Qe7 23. d5 Nd8 24. Bb4 Qf6 25. g4 exd5 26. Bxf8
Kxf8 27. Qxf5 Qxf5 28. gxf5 dxc4 29. Ne5 Rc8 30. Rc1 c3 31. a4 a6 32. Bd7
Rc7 33. a5 f6 34. axb6 Rc5 35. Ng6+ Kg8 36. Ra3 c2 37. Ra2 Be4 38. f3 Bd3
39. Ne7+ {Black forfeits on time} 1-0

[Event "ICCopen2017"]
[Site "Internet Chess Club"]
[Date "2017.04.02"]
[Round "11"]
[White "FlashGordon"]
[Black "Balderdash"]
[Result "1-0"]
[ICCResult "Black checkmated"]
[WhiteElo "1130"]
[BlackElo "1102"]
[Opening "Bishop's opening/Petrov: Urusov gambit"]
[ECO "C21"]
[NIC "KP.04"]
[Time "21:10:48"]
[TimeControl "180+0"]

1. e4 e5 2. d4 exd4 3. Bc4 Nf6 4. Nf3 d5 5. exd5 Nxd5 6. Qxd4 Be6 7. Bg5 f6
8. Bh4 Nc6 9. Qe4 Qd6 10. Bg3 Qb4+ 11. Nc3 Qxb2 12. Qxe6+ Nde7 13. Qf7+ Kd8
14. Rd1+ Kc8 15. Qe8+ Nd8 16. Qxd8# {Black checkmated} 1-0

[Event "ICCopen2017"]
[Site "Internet Chess Club"]
[Date "2017.04.02"]
[Round "11"]
[White "kaalzar"]
[Black "BirchRun"]
[Result "0-1"]
[ICCResult "White forfeits on time"]
[WhiteElo "1393"]
[BlackElo "1614"]
[Opening "Scandinavian defense"]
[ECO "B01"]
[NIC "SD.03"]
[Time "21:10:28"]
[TimeControl "180+0"]

1. e4 d5 2. exd5 Nf6 3. Nf3 Bg4 4. Be2 Qxd5 5. d4 Nc6 6. c3 O-O-O 7. Bf4 Qh5
8. Bg3 e5 9. Nxe5 Nxe5 10. Bxe5 Bxe2 11. Qxe2 Qxe2+ 12. Kxe2 Re8 13. Kf1 Ng4
14. Bg3 f5 15. h3 Nf6 16. Be5 Ne4 17. Rg1 c5 18. f3 Ng5 19. Kf2 cxd4 20.
cxd4 Bb4 21. Nc3 Bxc3 22. bxc3 Kd7 23. Rab1 b6 24. Rb5 Rhg8 25. Rd5+ Kc6 26.
Rd6+ Kb7 27. Rd7+ Kc6 28. Rxg7 Rxg7 29. Bxg7 Ne6 30. Be5 Kd5 31. Rc1 Rc8 32.
Ke2 Kc4 33. Kd2 Ng5 34. Rb1 Kd5 35. Rb5+ Ke6 36. Ke3 Nf7 37. Kd3 h5 38. f4
Nd8 39. a4 Nc6 40. g3 Na5 41. d5+ Kd7 42. d6 Nc4 43. Kd4 Ke6 44. Rd5 Nb2 45.
d7 Rd8 46. Bc7 Rxd7 47. Rxd7 Kxd7 48. Bb8 a5 {White forfeits on time} 0-1

[Event "ICCopen2017"]
[Site "Internet Chess Club"]
[Date "2017.04.02"]
[Round "11"]
[White "bhaiju"]
[Black "Goli"]
[Result "1-0"]
[ICCResult "Black forfeits on time"]
[WhiteElo "1714"]
[BlackElo "1460"]
[Opening "King's Indian: 5.Nf3"]
[ECO "E90"]
[NIC "KI.20"]
[Time "21:09:49"]
[TimeControl "180+0"]

1. e4 g6 2. Nf3 Bg7 3. d4 d6 4. c4 Nf6 5. Nc3 O-O 6. h3 Nc6 7. Be3 e5 8. d5
Ne7 9. Bd3 Nd7 10. g4 h6 11. Qd2 Kh7 12. O-O-O Nc5 13. Kb1 Nxd3 14. Qxd3 a6
15. Rdg1 Bd7 16. h4 b5 17. cxb5 axb5 18. Nxb5 Bxb5 19. Qxb5 Rb8 20. Qd3 Qd7
21. g5 h5 22. Nd2 Qa4 23. a3 Rb7 24. Rc1 Rfb8 25. Rc2 Ra8 26. Ka2 Rab8 27.
Rb1 Bf8 28. f4 exf4 29. Bxf4 c5 30. Bxd6 Nxd5 31. Qxd5 Bxd6 32. Qc4 Qc6 33.
Nf3 Bg3 34. Rf1 Qd6 35. e5 Bxe5 36. Nxe5 Qxe5 37. Rxf7+ Rxf7 38. Qxf7+ Qg7
39. Qxg7+ Kxg7 40. Rxc5 Rd8 41. a4 Rd4 42. a5 Rxh4 43. b3
{Black forfeits on time}
1-0

[Event "ICCopen2017"]
[Site "Internet Chess Club"]
[Date "2017.04.02"]
[Round "11"]
[White "chavo"]
[Black "nikenwidiartto"]
[Result "0-1"]
[ICCResult "White checkmated"]
[WhiteElo "2268"]
[BlackElo "1928"]
[Opening "Scandinavian defense"]
[ECO "B01"]
[NIC "SD.03"]
[Time "21:09:53"]
[TimeControl "180+0"]

1. e4 d5 2. exd5 Nf6 3. d4 Bg4 4. Be2 Bxe2 5. Qxe2 Qxd5 6. Nf3 e6 7. c4 Bb4+
8. Nc3 Bxc3+ 9. bxc3 Qe4 10. Be3 O-O 11. O-O Nc6 12. Rab1 b6 13. Rb5 Rfd8
14. Ng5 Qg6 15. Nh3 Ne4 16. Rc1 Ne7 17. Nf4 Qf6 18. f3 Nd6 19. Nh5 Qh4 20.
g3 Qh3 21. Rg5 Ng6 22. g4 h6 23. Rxg6 fxg6 24. Bf2 gxh5 25. Qxe6+ Kh8 26. c5
Re8 27. Qd7 Nc4 28. Qxc7 Nd2 29. Bg3 Re2 30. Qf4 Qg2# {White checkmated} 0-1

[Event "ICCopen2017"]
[Site "Internet Chess Club"]
[Date "2017.04.02"]
[Round "11"]
[White "sacov"]
[Black "sravanrenjith"]
[Result "1-0"]
[ICCResult "Black resigns"]
[WhiteElo "2169"]
[BlackElo "1710"]
[Opening "QGD: Ragozin variation"]
[ECO "D38"]
[NIC "NI.27"]
[Time "21:10:10"]
[TimeControl "180+0"]

1. d4 Nf6 2. Nf3 e6 3. c4 d5 4. Nc3 Bb4 5. Bg5 O-O 6. e3 Nbd7 7. cxd5 exd5
8. Bd3 b6 9. Ne5 Bxc3+ 10. bxc3 h6 11. Bh4 Re8 12. f4 c5 13. O-O Qc7 14. Rc1
c4 15. Bb1 Bb7 16. g4 Ne4 17. Bxe4 dxe4 18. Bg3 Nxe5 19. fxe5 Qd7 20. Qe2
Qd5 21. a4 Bc6 22. Ra1 a6 23. Rfb1 b5 24. a5 Qe6 25. Rf1 Bd7 26. h3 h5 27.
Rf4 g5 28. Rf6 Qd5 29. Rd6 Qb7 30. Rf1 h4 31. Bh2 Be6 32. Rf6 Qe7 33. Qc2
Qb7 34. Rb6 Qd5 35. Qf2 Kg7 36. Rd6 Qb7 37. Bf4 gxf4 38. Qxh4 Kf8 39. Qh8+
Ke7 40. Rfxe6+ {Black resigns} 1-0

[Event "ICCopen2017"]
[Site "Internet Chess Club"]
[Date "2017.04.02"]
[Round "11"]
[White "Kruger"]
[Black "vishweshk"]
[Result "1-0"]
[ICCResult "Black checkmated"]
[WhiteElo "1728"]
[BlackElo "1810"]
[Opening "QGD: exchange, positional line, 5...c6"]
[ECO "D35"]
[NIC "QO.16"]
[Time "21:09:42"]
[TimeControl "180+0"]

1. d4 d5 2. c4 e6 3. Nc3 Nf6 4. Bg5 c6 5. cxd5 exd5 6. e3 Bd6 7. Bd3 Nbd7 8.
Qc2 Nf8 9. Nf3 Bg4 10. Ne5 Bh5 11. g4 Nxg4 12. Bxd8 Rxd8 13. Nxg4 Bxg4 14.
Be2 Be6 15. O-O-O g6 16. e4 dxe4 17. Qxe4 Kd7 18. d5 cxd5 19. Bb5+ Kc7 20.
Nxd5+ Kb8 21. Nc3 g5 22. Rxd6 Rxd6 23. Qe5 Kc7 24. Qxh8 Ng6 25. Qxh7 a6 26.
Ba4 Nf4 27. Bb3 Nd3+ 28. Kb1 Bg4 29. Qxf7+ Kb6 30. f3 Bd7 31. Ne4 Rd4 32.
Rd1 Bb5 33. Qf6+ Ka7 34. Qxd4+ Kb8 35. Rxd3 Bxd3+ 36. Qxd3 g4 37. Qd6+ Ka7
38. Qc5+ Kb8 39. Nd6 a5 40. Qc8+ Ka7 41. Qxb7# {Black checkmated} 1-0

[Event "ICCopen2017"]
[Site "Internet Chess Club"]
[Date "2017.04.02"]
[Round "11"]
[White "EddieBarber"]
[Black "mika53"]
[Result "1-0"]
[ICCResult "Black resigns"]
[WhiteElo "1786"]
[BlackElo "1910"]
[Opening "Sicilian: Pin variation (Sicilian counter-attack)"]
[ECO "B41"]
[NIC "SI.41"]
[Time "21:10:41"]
[TimeControl "180+0"]

1. e4 c5 2. Nf3 e6 3. d4 cxd4 4. Nxd4 Nf6 5. Nc3 Bb4 6. Bd3 d5 7. exd5 Nxd5
8. Bd2 Nxc3 9. bxc3 Bc5 10. Qg4 Kf8 11. Qh5 Nd7 12. O-O Bd6 13. Nb5 Be5 14.
c4 a6 15. Bb4+ Kg8 16. Nd6 g6 17. Qf3 Qf6 18. Qxf6 Nxf6 19. Rae1 Bd4 20. c3
Bb6 21. c5 Bc7 22. Ba3 b5 23. Bb2 Nd5 24. Be4 Bd7 25. c4 bxc4 26. Bxd5 exd5
27. Bxh8 Kxh8 28. Re7 Bxd6 29. cxd6 Be6 30. Re1 Rd8 31. R1xe6 fxe6 32. d7 c3
33. Re8+ Kg7 34. Rxd8 c2 35. Rc8 c1=Q+ 36. Rxc1 {Black resigns} 1-0

[Event "ICCopen2017"]
[Site "Internet Chess Club"]
[Date "2017.04.02"]
[Round "11"]
[White "RdgMx"]
[Black "NEO2017"]
[Result "1-0"]
[ICCResult "Black checkmated"]
[WhiteElo "1860"]
[BlackElo "1713"]
[Opening "Dutch"]
[ECO "A80"]
[NIC "HD.12"]
[Time "21:10:35"]
[TimeControl "180+0"]

1. d4 f5 2. Nf3 Nf6 3. Bf4 g6 4. e3 Bg7 5. Bc4 e6 6. Bb3 O-O 7. O-O h6 8. h3
Kh7 9. c3 d6 10. Re1 Nc6 11. Nbd2 Nh5 12. Bh2 e5 13. dxe5 dxe5 14. Nc4 e4
15. Nd4 Nxd4 16. cxd4 Qe7 17. Ne5 Rd8 18. Rc1 c6 19. Qc2 Be6 20. a3 Bd5 21.
Bxd5 Rxd5 22. b4 Rf8 23. Qa4 a6 24. Qb3 Nf6 25. Rc5 Rfd8 26. Rec1 R5d6 27.
Nc4 Re6 28. Re5 Nd5 29. Rxe6 Qxe6 30. Be5 g5 31. Bxg7 Kxg7 32. Ne5 Rf8 33.
a4 f4 34. b5 fxe3 35. fxe3 axb5 36. axb5 Qf5 37. bxc6 bxc6 38. Qb7+ Kg8 39.
Rxc6 Qf2+ 40. Kh2 Rf6 41. Rc8+ Rf8 42. Qxd5+ Kg7 43. Rc7+ Kh8 44. Ng6#
{Black checkmated}
1-0

[Event "ICCopen2017"]
[Site "Internet Chess Club"]
[Date "2017.04.02"]
[Round "11"]
[White "Activekids"]
[Black "Unbeliever"]
[Result "1-0"]
[ICCResult "Black forfeits on time"]
[WhiteElo "2022"]
[BlackElo "1784"]
[Opening "Sicilian: Smith-Morra gambit"]
[ECO "B21"]
[NIC "SI.48"]
[Time "21:10:44"]
[TimeControl "180+0"]

1. e4 c5 2. d4 cxd4 3. c3 dxc3 4. Nxc3 Nc6 5. Nf3 d6 6. Bc4 e6 7. O-O Be7 8.
Qe2 Nf6 9. Rd1 e5 10. h3 O-O 11. Be3 Be6 12. Nd5 Bxd5 13. exd5 Nb8 14. Rac1
Nbd7 15. a4 a6 16. b4 Rc8 17. Bb3 Ne8 18. Bc2 f5 19. b5 g6 20. Bh6 Ng7 21.
bxa6 bxa6 22. Qxa6 Nc5 23. Qe2 Bf6 24. Nd2 e4 25. Nc4 Qc7 26. a5 Qa7 27. Bb1
Rfd8 28. Bf4 Qa6 29. Qa2 g5 30. Be3 f4 31. Bd4 Bxd4 32. Rxd4 Nf5 33. Rdd1
Qb5 34. Nb6 Rb8 35. Bc2 Rb7 36. Rb1 Qe8 37. Qc4 Ra7 38. Re1 e3 39. f3 Qf7
40. Rbd1 Rxa5 41. Qc3 Ra7 42. Nc4 Rad7 43. Ne5 dxe5 44. Qd4
{Black forfeits on time}
1-0

[Event "ICCopen2017"]
[Site "Internet Chess Club"]
[Date "2017.04.02"]
[Round "11"]
[White "Ricardov"]
[Black "nekochabo"]
[Result "0-1"]
[ICCResult "White resigns"]
[WhiteElo "2258"]
[BlackElo "2662"]
[Opening "Sicilian: Kan, Polugaievsky variation"]
[ECO "B42"]
[NIC "SI.42"]
[Time "21:09:54"]
[TimeControl "180+0"]

1. e4 c5 2. Nf3 e6 3. d4 cxd4 4. Nxd4 a6 5. Bd3 Bc5 6. Nb3 Be7 7. Qg4 g6 8.
c4 d6 9. Qg3 Nd7 10. Nc3 h5 11. h4 Ne5 12. Be2 Qc7 13. Bf4 Nf6 14. c5 Nfd7
15. cxd6 Bxd6 16. Kf1 Kf8 17. Rc1 Qb8 18. Nd4 Kg7 19. Bd1 Be7 20. Nf3 f6 21.
Nxe5 Nxe5 22. Bxe5 Qxe5 23. Qxe5 fxe5 24. Bb3 Bd7 25. Ke2 Rhf8 26. f3 Rad8
27. g3 b5 28. Nd1 Kf6 29. Ne3 a5 30. a3 a4 31. Ba2 b4 32. axb4 Bxb4 33. Rhd1
Bb5+ 34. Bc4 Rb8 35. Bxb5 Rxb5 36. Rc2 Rfb8 37. Rd7 Be7 38. Nc4 R5b7 39.
Rxb7 Rxb7 40. Na5 Rb5 41. Nc6 Bc5 42. f4 exf4 43. gxf4 Bb6 44. Kf3 Rb3+ 45.
Rc3 Rxb2 46. e5+ Kf7 47. Rd3 Rf2+ 48. Kg3 Rc2 49. Rd7+ Kf8 50. Nb8 a3 51.
Rb7 a2 52. Nd7+ Ke8 53. Nf6+ Kd8 54. Rd7+ Kc8 55. Rd1 Bd4 56. Rxd4 a1=Q
{White resigns}
0-1

[Event "ICCopen2017"]
[Site "Internet Chess Club"]
[Date "2017.04.02"]
[Round "11"]
[White "MrBoris"]
[Black "arshavin2015"]
[Result "1/2-1/2"]
[ICCResult "White ran out of time and Black has no material to mate"]
[WhiteElo "2063"]
[BlackElo "1969"]
[Opening "English: closed system"]
[ECO "A25"]
[NIC "EO.18"]
[Time "21:09:34"]
[TimeControl "180+0"]

1. c4 g6 2. g3 Bg7 3. Bg2 e5 4. Nc3 Nc6 5. e4 d6 6. Nge2 Be6 7. Nd5 Qd7 8.
O-O Nge7 9. d3 h6 10. Be3 f5 11. Qd2 g5 12. exf5 Nxf5 13. Rab1 O-O 14. b4
Rae8 15. b5 Nd8 16. a4 Nxe3 17. fxe3 c6 18. Ndc3 Bh3 19. Ne4 Bxg2 20. Kxg2
Ne6 21. bxc6 bxc6 22. Qa2 Kh7 23. Qa3 d5 24. cxd5 cxd5 25. Nd6 Rxf1 26. Rxf1
Rf8 27. Nf5 Nf4+ 28. exf4 Rxf5 29. fxg5 Rxf1 30. Kxf1 Qf5+ 31. Ke1 hxg5 32.
Qb3 Qf3 33. h4 e4 34. Qxd5 gxh4 35. Qxe4+ Qxe4 36. dxe4 hxg3 37. Nxg3 Kg6
38. Ke2 Kf6 39. Nh5+ Ke5 40. Kd3 Bf8 41. Ng3 Kd6 42. Kc4 Ke5 43. Kb5 Bh6 44.
a5 Bf4 45. Nf5 Kxe4 46. Ne7 Bd2 47. a6 Be3 48. Nc8 Kd5 49. Nxa7 Bxa7
{White ran out of time and Black has no material to mate}
1/2-1/2